 Dungeon Crawl Stone Soup version 0.30-a0-643-g638baaf3f0 (webtiles) character file.

Game seed: 17323600196379997687

6812 BaabKaare the Arsonist (level 10, -9/71 HPs)
             Began as a Green Draconian Fire Elementalist on Jan 16, 2023.
             Was an Elder of Elyvilon.
             Killed from afar by a quicksilver dragon (shapeshifter) (29 damage)
             ... with a bolt of dispelling energy
             ... on level 8 of the Dungeon.
             The game lasted 00:35:23 (9954 turns).

BaabKaare the Arsonist (DrFE)                       Turns: 9954, Time: 00:35:23

Health: -9/71      AC: 12    Str:  9 (10) XL:     10   Next: 77%
Magic:  16/33      EV: 11    Int: 29 (32) God:    Elyvilon [****..]
Gold:   420        SH:  3    Dex:  7 (10) Spells: 12/30 levels left

rFire   + . .      SeeInvis +    b - staff of fire
rCold   . . .      Faith    .    e - +0 buckler
rNeg    . . .      Spirit   .    (body armour unavailable)
rPois   +          Reflect  .    D - +3 crown of Dyrovepreva {rElec Int+2 SInv}
rElec   +          Harm     .    (no cloak)
rCorr   .          Rampage  .    t - +0 pair of gloves
Will    .....      Rnd*Tele +    E - +0 pair of boots
Stlth   ++                       H - amulet of the acrobat
HPRegen 0.31/turn                h - ring of magical power
MPRegen 0.23/turn                a - +6 ring of intelligence

@: no status effects
A: breathe noxious fumes, AC +7, unfitting armour, poison resistance,
cold-blooded, clever 1, teleportitis 1
a: Breathe Noxious Fumes, Renounce Religion, Purification, Heal Other, Heal Self


You were on level 8 of the Dungeon.
You worshipped Elyvilon.
Elyvilon was greatly pleased with you.
You visited 1 branch of the dungeon, and saw 9 of its levels.
You also visited: Bailey.

You collected 420 gold pieces.

Inventory:

Missiles
 B - 4 throwing nets
Armour
 e - a +0 buckler (worn)
 t - a +0 pair of gloves (worn)
 D - the +3 crown of Dyrovepreva (worn) {rElec Int+2 SInv}
   (You found it on level 5 of the Dungeon)

   Int:       It affects your intelligence (+2).
   rElec:     It insulates you from electricity.
   SInv:      It lets you see invisible.
 E - a +0 pair of boots (worn)
Magical Staves
 b - a staff of fire (weapon)
Jewellery
 a - a +6 ring of intelligence (right hand)
 h - a ring of magical power (left hand)
 y - a ring of resist corrosion
 H - an amulet of the acrobat (around neck)
 M - a +5 ring of evasion
Wands
 q - a wand of iceblast (10)
 x - a wand of flame (22)
Scrolls
 d - 2 scrolls of vulnerability {unknown}
 f - a scroll of immolation {unknown}
 g - 4 scrolls of enchant armour {unknown}
 i - 3 scrolls of identify {unknown}
 n - a scroll of fear {unknown}
 p - 2 scrolls of noise {unknown}
 s - a scroll of silence {unknown}
 u - 2 scrolls of acquirement
 w - a scroll of enchant weapon {unknown}
 A - a scroll of amnesia {unknown}
 C - a scroll of magic mapping {unknown}
 I - a scroll of blinking {unknown}
 J - 3 scrolls of teleportation {unknown}
 K - a scroll of brand weapon {unknown}
Potions
 c - 6 potions of curing
 j - a potion of flight
 k - 2 potions of degeneration
 l - 2 potions of brilliance
 m - a potion of heal wounds {unknown}
 o - a potion of resistance {unknown}
 r - a potion of ambrosia {unknown}
 v - a potion of mutation
 z - a potion of might
 F - a potion of haste {unknown}
 G - a potion of invisibility
 L - a potion of attraction {unknown}


   Skills:
 + Level 1.3 Fighting
 + Level 3.4 Dodging
 + Level 3.1 Stealth
 + Level 1.1 Shields
 + Level 10.7 Spellcasting
 + Level 2.1 Conjurations
 + Level 0.1 Hexes
 + Level 0.5 Translocations
 + Level 11.0 Fire Magic
 + Level 1.6 Air Magic


You had 12 spell levels left.
You knew the following spells:

 Your Spells              Type           Power      Damage    Failure   Level
a - Foxfire               Conj/Fire      100%       2x1d9     1%          1
b - Scorch                Fire           100%       2d10      1%          2
c - Inner Flame           Hex/Fire       64%        N/A       1%          3
d - Kindle Blastsparks    Fire/Tloc/Air  100%       2d18      2%          3
e - Flame Wave            Conj/Fire      69%        2d16      3%          4
f - Fireball              Conj/Fire      34%        3d14      9%          5

Your spell library contained the following spells:

 Spells                   Type           Power      Damage    Failure   Level
 Kiss of Death            Conj/Necr      84%        2d11      3%          1
 Ensorcelled Hibernation  Hex/Ice        32%        N/A       7%          2
 Portal Projectile        Hex/Tloc       34%        N/A       12%         3
 Confusing Touch          Hex            16%        N/A       13%         3
 Tukima's Dance           Hex            16%        N/A       13%         3
 Spider Form              Tmut/Pois      15%        N/A       14%         3
 Iskenderun's Mystic Bla  Conj/Tloc      23%        2d6       26%         4
 Fulminant Prism          Conj/Hex       11%        3d8       28%         4
 Passage of Golubria      Tloc           18%        N/A       36%         4
 Anguish                  Hex/Necr       8%         N/A       41%         4
 Dispel Undead            Necr           15%        3d10      41%         4
 Petrify                  Tmut/Erth      15%        N/A       41%         4
 Iskenderun's Battlesphe  Conj           28%        2d8       45%         5
 Silence                  Hex/Air        10%        N/A       65%         5
 Blade Hands              Tmut           7%         N/A       77%         5
 Lee's Rapid Deconstruct  Erth           7%         3d7*      77%         5
 Metabolic Englaciation   Hex/Ice        8%         N/A       77%         5
 Conjure Ball Lightning   Conj/Air       13%        3x3d6     97%         6
 Statue Form              Tmut/Erth      10%        N/A       100%        6
 Orb of Destruction       Conj           14%        9d7       100%        7
 Lehudib's Crystal Spear  Conj/Erth      10%        10d4      100%        8


Dungeon Overview and Level Annotations

Branches:
Dungeon (9/15)             Temple (0/1) D:6          Bailey (visited)
   Lair: D:8-11         Orc: D:9-12

Altars:
Cheibriados
Elyvilon
Fedhas
Hepliaklqana
Nemelex Xobeh
Okawaru
Zin

Annotations:
D:8 Decipherer's ghost, novice MiBe


Innate Abilities, Weirdness & Mutations

You can breathe blasts of noxious fumes.
Your lurid green scales are hard. (AC +7)
You cannot fit into any form of body armour.
Your system is resistant to poisons. (rPois)
You are cold-blooded and may be slowed by cold attacks.
Your mind is acute. (Int +4, Str/Dex -1)
You are occasionally teleported next to monsters.


Message History

Press: ? - help, Dir - look around, f - activate You feel a surge of power!
A wave of flame ripples out!
The flame wave engulfs the quicksilver dragon!
The quicksilver dragon is moderately wounded.
The flame wave engulfs the bullfrog!!
You kill the bullfrog! (Press . to intensify the flame waves.)
The quicksilver dragon closely misses you.
The quicksilver dragon completely misses you.
The quicksilver dragon bites you but does no damage.
The quicksilver dragon claws you but does no damage.
Casting: Flame Wave (dangerous; 3% risk of failure)
Confirm with . or Enter, or press ? or * to list all spells.
Restarting spell: Flame Wave (dangerous; 3% risk of failure)
Press: ? - help, Dir - look around, f - activate You feel a surge of power!
A wave of flame ripples out!
The flame wave engulfs the quicksilver dragon!!
The quicksilver dragon is severely wounded.
The flame wave engulfs Decipherer's ghost!
Decipherer's ghost is lightly damaged. (Press . to intensify the flame waves.)
You block the quicksilver dragon's attack.
The quicksilver dragon claws you but does no damage.
Decipherer's ghost hits you but does no damage.
Casting: Flame Wave (dangerous; 3% risk of failure)
Confirm with . or Enter, or press ? or * to list all spells.
Restarting spell: Flame Wave (dangerous; 3% risk of failure)
Press: ? - help, Dir - look around, f - activate You feel a surge of power!
A wave of flame ripples out!
The flame wave engulfs the quicksilver dragon but does no damage.
The quicksilver dragon is severely wounded.
The flame wave engulfs Decipherer's ghost!
Decipherer's ghost is lightly damaged. (Press . to intensify the flame waves.)
The quicksilver dragon bites you!
* * * LOW HITPOINT WARNING * * *
The quicksilver dragon barely misses you.
The quicksilver dragon breathes dispelling energy at you.
The bolt of dispelling energy hits you!!
You die...

###....## #.#####..###...#
####..# ####..............#
##.# ##.................#
##.###..##..#########...#
######...[..###..#.......#...#
.......####..##..#...#..o#...#
.####### ##.....'..#.#/W#.))#
############.)#..W......F#)..#
#^.......##....@Dzo#.#..#).##
#.######.##.(#..#z..#...#..#
#.#...##........#.......#..#
##.#.............#########..#
.#.#........................#
.#.#........................#
......................##.####
................#...#....#
................#.[.#.####


You could see a quicksilver dragon (catching breath), 2 wights, Decipherer's
ghost and an orc.

Vanquished Creatures
  A two-headed ogre (D:8)
  The ghost of Ignak the Covert, a novice OpEn of Dithmenos (D:7)
  Joseph (D:7)
  Psyche (D:8)
  2 kobold demonologists (Bailey)
  A hornet (D:8)
  Sigmund (D:5)
  A steam dragon (D:7)
  A water moccasin (D:7)
  A black bear (D:6)
  14 orc warriors
  2 sky beasts
  2 ogres
  2 centaurs
  4 bullfrogs
  2 gnoll sergeants
  5 scorpions
  9 wights
  4 electric eels (Bailey)
  4 howler monkeys
  3 hounds
  2 jellies
  A gnoll bouda (D:4)
  2 orc priests
  Ijyb (D:4)
  3 iguanas
  3 orc wizards (D:7)
  19 gnolls
  7 adders
  2 shadow imps (D:7)
  2 white imps
  2 ufetubi (D:5)
  5 worms
  4 dart slugs
  27 orcs
  5 ball pythons
  8 endoplasms
  6 giant cockroaches
  7 goblins
  11 hobgoblins
  7 quokkas
  5 bats
  7 frilled lizards
  7 kobolds
  3 rats
208 creatures vanquished.

Vanquished Creatures (others)
  A butterfly (D:6)
  17 foxfires
18 creatures vanquished.

Grand Total: 226 creatures vanquished

Notes
Turn   | Place    | Note
-------+----------+-------------------------------------------
     0 | D:1      | BaabKaare the Draconian Fire Elementalist began the quest
                  | for the Orb.
     0 | D:1      | Reached XP level 1. HP: 14/14 MP: 3/3
   168 | D:2      | Reached XP level 2. HP: 20/20 MP: 3/5
   171 | D:2      | Learned a level 2 spell: Scorch
  1263 | D:2      | Reached XP level 3. HP: 26/26 MP: 6/6
  1424 | D:2      | Learned a level 3 spell: Inner Flame
  1495 | D:3      | Found a snail-covered altar of Cheibriados.
  1731 | D:2      | Found a faded altar of an unknown god.
  1837 | D:2      | Prayed at the altar of an unknown god.
  1837 | D:2      | Became a worshipper of Elyvilon the Healer
  1837 | D:2      | Reached * piety under Elyvilon
  2254 | D:3      | Reached skill level 4 in Fire Magic
  2254 | D:3      | Reached XP level 4. HP: 33/33 MP: 8/8
  2653 | D:5      | Entered Level 5 of the Dungeon
  2744 | D:4      | Reached ** piety under Elyvilon
  2865 | D:4      | Noticed an ogre
  2869 | D:4      | Killed an ogre
  2870 | D:4      | Reached skill level 5 in Fire Magic
  2870 | D:4      | Reached XP level 5. HP: 38/38 MP: 10/10
  3102 | D:5      | Reached XP level 6. HP: 32/45 MP: 7/11
  3105 | D:5      | Noticed Sigmund
  3250 | D:4      | Learned a level 3 spell: Kindle Blastsparks
  3255 | D:4      | Learned a level 4 spell: Flame Wave
  3810 | D:4      | Your scales start taking on a lurid green colour.
  3810 | D:4      | Reached XP level 7. HP: 50/50 MP: 0/14
  3810 | D:4      | Gained mutation: Your system is resistant to poisons.
                  | (rPois) [Green Draconian growth]
  4100 | D:4      | Noticed Ijyb
  4105 | D:4      | Killed Ijyb
  4108 | D:4      | Reached skill level 5 in Spellcasting
  4108 | D:4      | Reached skill level 6 in Fire Magic
  4791 | D:5      | Killed Sigmund
  4792 | D:5      | Reached skill level 7 in Fire Magic
  4792 | D:5      | Reached XP level 8. HP: 53/58 MP: 17/17
  4798 | D:5      | Learned a level 5 spell: Fireball
  5191 | D:5      | Reached *** piety under Elyvilon
  5191 | D:5      | Found the +3 crown of Dyrovepreva {rElec Int+2 SInv}
  5225 | D:6      | Found a blossoming altar of Fedhas.
  5226 | D:6      | Found a sparkling altar of Nemelex Xobeh.
  5382 | D:6      | Found an iron altar of Okawaru.
  5708 | D:6      | Found a white marble altar of Elyvilon.
  5733 | D:6      | Found a staircase to the Ecumenical Temple.
  6064 | D:6      | Found a glowing silver altar of Zin.
  6088 | D:7      | Noticed Ignak's ghost (novice OpEn)
  6088 | D:7      | Found a runed translucent gate.
  6088 | D:7      | Found a runed translucent gate.
  6088 | D:7      | Found a runed translucent gate.
  6133 | D:7      | Reached skill level 8 in Fire Magic
  6149 | D:7      | Reached XP level 9. HP: 54/63 MP: 11/20
  6274 | D:6      | Reached skill level 1 in Air Magic
  6598 | D:8      | Found a runed translucent gate.
  6599 | D:8      | Found a runed translucent gate.
  6600 | D:8      | Found a runed translucent gate.
  6601 | D:8      | Noticed Decipherer's ghost (novice MiBe)
  6609 | D:8      | Noticed Psyche
  6641 | D:8      | Killed Psyche
  6743 | D:8      | Noticed a komodo dragon
  6744 | D:8      | a komodo dragon changed into a redback
  6788 | D:8      | Reached skill level 9 in Fire Magic
  6831 | D:8      | Noticed a polar bear
  6841 | D:8      | a polar bear changed into a komodo dragon
  6841 | D:8      | Noticed a komodo dragon (shapeshifter)
  6906 | D:8      | a culicivora changed into a guardian serpent
  6906 | D:8      | Noticed a guardian serpent (shapeshifter)
  6940 | D:8      | a guardian serpent changed into a floating eye
  6946 | D:8      | a floating eye changed into a shock serpent
  6946 | D:8      | Noticed a shock serpent (shapeshifter)
  6950 | D:8      | a shock serpent changed into a floating eye
  6962 | D:8      | Reached skill level 1 in Fighting
  7008 | D:8      | Found a flagged portal.
  7024 | Bailey   | Entered a bailey
  7030 | Bailey   | Reached **** piety under Elyvilon
  7308 | Bailey   | Noticed a kobold demonologist
  7314 | Bailey   | Noticed an orange demon
  7329 | Bailey   | Noticed a rust devil
  7332 | Bailey   | Noticed an orange demon
  7746 | Bailey   | Killed a kobold demonologist
  7747 | Bailey   | Reached XP level 10. HP: 71/71 MP: 17/23
  7948 | Bailey   | Found an iron altar of Okawaru.
  7954 | Bailey   | Identified the +5 quarterstaff of the Assorted Seas {vamp,
                  | *Slow rC+ rN++ Str+4}
  8087 | Bailey   | Identified the +1 leather armour "Zykhle" {rPois Str-4
                  | Int+2}
  8153 | D:8      | Noticed a two-headed ogre
  8159 | D:8      | Killed a two-headed ogre
  8160 | D:8      | Reached skill level 1 in Shields
  8160 | D:8      | Reached skill level 10 in Fire Magic
  8456 | D:7      | Noticed Joseph
  8466 | D:7      | Killed Joseph
  8467 | D:7      | Reached skill level 10 in Spellcasting
  8761 | D:7      | Found a transporter.
  8773 | D:7      | Killed Ignak's ghost
  9022 | D:7      | Found a hazy altar of Hepliaklqana.
  9361 | D:7      | Found a transporter.
  9475 | D:7      | Gained mutation: You are occasionally teleported next to
                  | monsters. [potion of mutation]
  9475 | D:7      | Gained mutation: Your mind is acute. (Int +4, Str/Dex -1)
                  | [potion of mutation]
  9491 | D:7      | Reached skill level 11 in Fire Magic
  9944 | D:8      | Noticed a quicksilver dragon
  9954 | D:8      | Killed from afar by a quicksilver dragon (shapeshifter)

Illustrated notes

Levels and vault maps discovered:
D:1:      eino_arrival_water_star, layout_basic
D:2:      layout_loops_ring, chequers_ecumenical_altar_island
D:3:      layout_basic, cheibriados_altar_1, mainiacjoe_overflow_alcove_2,
          serial_shops, shop, due_unseen_surprise
D:4:      layout_loops_cross, minmay_circle_x, uniq_ijyb
D:5:      layout_cave_pools, uniq_sigmund
D:6:      layout_rooms, nicolae_elyvilon_peaceful_grove,
          grunt_temple_overflow_open, minmay_temple_entry_grid
D:7:      gammafunk_beogh_shrine, layout_cave_pools,
          nicolae_overflow_crystal_walls, ebering_ghost_rock_garden,
          st_stairs_11, uniq_joseph
D:8:      layout_rooms, gammafunk_ghost_split, enter_bailey_2, corner_web_ring,
          uniq_psyche
D:9:      layout_basic, grunt_temple_overflow_champion_of_chaos,
          mainiacjoe_overflow_boulevard, mainiacjoe_overflow_tiny_flanked,
          lightli_minifort

Skill      XL: |  1  2  3  4  5  6  7  8  9 10 |
---------------+-------------------------------+-----
Dodging        | 2 3 |  3.4
Stealth        | 2 3 |  3.1
Fire Magic     | 4 5 7 8 9 11 | 11.0
Spellcasting   | 3 4 6 7 9 10 | 10.7
Air Magic      | 1 |  1.6
Conjurations   | 2 |  2.1
Fighting       | 1 |  1.3
Shields        | 1 |  1.1
Hexes          | |  0.1
Translocations | |  0.5

Action                   |  1- 3 |  4- 6 |  7- 9 | 10-12 || total
-------------------------+-------+-------+-------+-------++-------
Melee: Staff             |     2 |       |     1 |     3 ||     6
       Tailslap          |     1 |       |       |       ||     1
 Cast: Foxfire           |    10 |       |       |       ||    10
       Scorch            |    38 |    71 |   137 |    82 ||   328
       Inner Flame       |       |     1 |     2 |       ||     3
       Kindle Blastspark |       |       |     8 |     2 ||    10
       Flame Wave        |       |       |     6 |     4 ||    10
       Fireball          |       |       |     6 |     1 ||     7
  Use: Potion            |       |     1 |     5 |     4 ||    10
Armor: Skin              |    10 |    16 |    53 |    23 ||   102
Dodge: Dodged            |     3 |    29 |   137 |    33 ||   202
Block: Buckler           |     1 |     6 |    21 |     5 ||    33

Table legend: (Time is in decaauts)
 A = Elapsed time spent in this place.
 B = Non-inter-level travel time spent in this place.
 C = Inter-level travel time spent in this place.
 D = Time resting spent in this place.
 E = Time spent auto-exploring this place.
 F = Levels seen in this place.
 G = Mean time per level.
                   A        B        C        D        E       F      G
               +--------+--------+--------+--------+--------+-----+--------+
         Total |   9981 |   9745 |    236 |   4999 |   2386 |  10 |  998.1 |
       Dungeon |   8888 |   8652 |    236 |   4320 |   2366 |   9 |  987.6 |
        Bailey |   1092 |   1092 |      0 |    679 |     20 |   1 | 1092.0 |
               +--------+--------+--------+--------+--------+-----+--------+

Top non-repeatable levels by time:
     D:4: 1737 daAuts
     D:7: 1463 daAuts
     D:1: 1173 daAuts
     D:6: 1150 daAuts
  Bailey: 1092 daAuts
     D:2: 1036 daAuts
     D:5: 999 daAuts
     D:8: 892 daAuts
     D:3: 387 daAuts
     D:9: 47 daAuts
